 Dungeon Crawl Stone Soup version 0.17-a0-1778-gd369669 (webtiles) character file.

46 ololoev the Cudgeler (level 3, 0/29 HPs)
             Began as a Draconian Skald on Sept 8, 2015.
             Succumbed to an adder's poison
             ... on level 2 of the Dungeon.
             The game lasted 00:02:00 (1415 turns).

ololoev the Cudgeler (Draconian Skald)              Turns: 1415, Time: 00:02:00

Health: 0/29       AC:  7    Str: 14    XL:     3   Next: 44%
Magic:  6/6        EV: 12    Int: 12    God:
Gold:   47         SH:  0    Dex: 11    Spells: 2 memorised, 3 levels left

rFire  . . .     SeeInvis .     a - +0 mace
rCold  . . .     Clarity  .     (armour unavailable)
rNeg   . . .     SustAt   .     (no shield)
rPois  .         Gourm    .     k - +2 hat
rElec  .         Spirit   .     (no cloak)
rCorr  .         Warding  .     (no gloves)
rMut   .         Stasis   .     (no boots)
MR     .....                    (no amulet)
Stlth  +.........               (no ring)
                                (no ring)

@: lethally poisoned (0 -> -1), not resistant to hostile enchantments, very
unstealthy
A: unfitting armour, cold-blooded, AC +5
a: no special abilities


Innate Abilities, Weirdness & Mutations

Your plain brown scales are hard (AC +5).
Your body does not fit into most forms of armour.
You are cold-blooded and may be slowed by cold attacks.

Inventory:

Hand weapons
 a - a +0 mace (weapon)
Missiles
 e - 5 javelins (quivered)
Armour
 k - a +2 hat (worn)
Scrolls
 d - a scroll of amnesia {unknown}
 f - 2 scrolls of identify {unknown}
 g - a scroll of teleportation {unknown}
 h - a scroll of blinking {unknown}
 i - a scroll of immolation {unknown}
Books
 b - a book of Battle

   Spells                             Type                      Level
   a - Infusion                       Charms                       1
   b - Shroud of Golubria             Charms/Translocation         2
   c - Song of Slaying                Charms                       2
   d - Spectral Weapon                Hexes/Charms                 3
   e - Regeneration                   Charms/Necromancy            3
Comestibles
 c - 2 bread rations


   Skills:
 - Level 2.1 Fighting
 + Level 3.9 Maces & Flails
 - Level 1.3 Dodging
 - Level 2.0 Spellcasting
 - Level 2.6 Charms


You had 3 spell levels left.
You knew the following spells:

 Your Spells              Type           Power        Failure   Level  Hunger
a - Infusion              Chrm           #.....       12%         1    ##.....
b - Song of Slaying       Chrm           #.......     14%         2    ###....


You were on level 2 of the Dungeon.
You were hungry.

You visited 1 branch of the dungeon, and saw 2 of its levels.

You collected 47 gold pieces.

#.. ... #.. .. #
###..##.#.# . ...>...#.#
# .# #####.......#.# ..
..............# ..##.
......†).......
......##########........
#....@........(..#..[.
#.#.##########(.#<#... #
#..<...#.. .
#.##.......# #.
#.......# #. ##...##.#
#. ..... . #. .##### #.
.#

Notes
Turn   | Place    | Note
--------------------------------------------------------------
     0 | D:1      | ololoev the Draconian Skald began the quest for the Orb.
     0 | D:1      | Reached XP level 1. HP: 17/17 MP: 3/3
     0 | D:1      | Found an ancient bone altar of Kikubaaqudgha.
   121 | D:1      | Reached XP level 2. HP: 19/24 MP: 5/5
   140 | D:1      | Learned a level 2 spell: Song of Slaying
   141 | D:1      | Reached skill level 3 in Maces & Flails
  1110 | D:1      | Reached XP level 3. HP: 29/29 MP: 6/6
  1411 | D:2      | HP: 1/29 [poisoned by an adder]
  1415 | D:2      | Succumbed to an adder's poison

Dungeon Overview and Level Annotations

Branches:
Dungeon (2/15)

Altars:
Kikubaaqudgha


Message History

a dagger; 3 stones; a kobold corpse You feel sick.
You feel sick.
You feel sick.
You feel sick.
You see here a scroll labeled QINLOV ACUMO.
f - 2 scrolls labeled QINLOV ACUMO (gained 1)
You feel sick.
You feel sick.
You feel sick.
You aren't carrying any potions.
You aren't carrying any items that can be evoked.
Read which item? (? for menu, Esc to quit)
Okay, then.
This spell is quite dangerous to cast!
Memorise Regeneration, consuming 3 spell levels and leaving 0?
You start memorising the spell.
You continue memorising.
You continue memorising.
Your memorisation is interrupted.
You feel sick.
This spell is quite dangerous to cast!
Memorise Regeneration, consuming 3 spell levels and leaving 0?
You start memorising the spell.
You continue memorising.
You continue memorising.
Your memorisation is interrupted.
You feel sick.
This spell is quite dangerous to cast!
Memorise Regeneration, consuming 3 spell levels and leaving 0?
You start memorising the spell.
You continue memorising.
You continue memorising. x2
Your memorisation is interrupted.
You feel sick.
This spell is quite dangerous to cast!
Memorise Regeneration, consuming 3 spell levels and leaving 0?
You start memorising the spell.
You continue memorising.
You continue memorising. x2
Your memorisation is interrupted.
You feel sick.
This spell is quite dangerous to cast!
Memorise Regeneration, consuming 3 spell levels and leaving 0?
You start memorising the spell.
You continue memorising.
You continue memorising. x2
Your memorisation is interrupted.
You die...

There were no monsters in sight!

Vanquished Creatures
  An adder (D:2)
  An ooze (D:1)
  A giant gecko (D:1)
  4 bats (D:1)
  3 giant cockroaches
  A hobgoblin (D:1)
  10 kobolds
  2 giant newts (D:1)
  5 goblins (D:1)
  4 rats (D:1)
32 creatures vanquished.

Action                   || total
-------------------------++-------
Melee: Mace              ||    83
 Cast: Song of Slaying   ||     1
  Eat: Chunk             ||     1

Vault maps used:
D:1:      sevenhm_arrival_forest_fort_small_6, st_stairs_10
D:2:      gammafunk_temple_overflow_elements, zin_academy,
          kennysheep_decorative_pillar, st_stairs_14,
          hangedman_decor_peaks_small
